TOP OF THE 1ST |
Wichita State University Shockers batting - Pitching for Ohio State University Buckeyes : RHP Mitsuharu Yoshimoto
|
Pitching: RHP Mitsuharu Yoshimoto
|
|
Batting: RHB Jonathan Iniguez
|
0-0: Ball 1-0: Foul Ball, location: 2F 1-1: Ground out 5-3 (Groundball, 5, EV 76.9 MPH)
|
Batting: RHB Kieron Clark
|
0-0: Ball 1-0: Ground out 6-3 (Groundball, 6, EV 83.8 MPH)
|
Batting: RHB Zach Maguire
|
0-0: Foul Ball, location: 2F 0-1: Ball 1-1: DOUBLE (Flyball, 89D, EV 103.1 MPH)
|
Batting: SHB Nadhir Umayr
|
0-0: Called Strike 0-1: Ball 1-1: Foul Ball, location: 2F 1-2: Strikes out swinging
|
Top of the 1st over - 0 runs, 1 hit, 0 errors, 1 left on base; Wichita State University 0 - Ohio State University 0 |
BOTTOM OF THE 1ST |
Ohio State University Buckeyes batting - Pitching for Wichita State University Shockers : RHP Masato Iwase
|
Pitching: RHP Masato Iwase
|
|
Batting: RHB Adam Turpin
|
0-0: Called Strike 0-1: Bunt for hit to 13S - play at first, batter safe!
|
Batting: RHB Aukukero Tairi
|
0-0: Called Strike 0-1: Fly out, F8 (Line Drive, 8LD, EV 95.0 MPH)
|
Batting: RHB Dan Muse
|
0-0: Ball 1-0: Swinging Strike 1-1: Foul Ball, location: 2F 1-2: Foul Ball, location: 2F 1-2: Ball 2-2: Ball 3-2: Fielders Choice at 2nd, 3-6 (Groundball, 23, EV 85.6 MPH)
|
Batting: RHB Nick Holsinger
|
0-0: Called Strike 0-1: Called Strike 0-2: Foul Ball, location: 2F 0-2: Ball 1-2: Ball 2-2: Ball 3-2: Strikes out swinging
|
Bottom of the 1st over - 0 runs, 1 hit, 0 errors, 1 left on base; Wichita State University 0 - Ohio State University 0 |
TOP OF THE 2ND |
Wichita State University Shockers batting - Pitching for Ohio State University Buckeyes : RHP Mitsuharu Yoshimoto
|
Batting: RHB Alex Campos
|
0-0: Foul Ball, location: 2F 0-1: Ball 1-1: Foul Ball, location: 2F 1-2: Foul Ball, location: 2F 1-2: DOUBLE (Line Drive, 9LS, EV 107.5 MPH) - OUT at third base trying to stretch hit.
|
Batting: RHB Jason Baldwin
|
0-0: Fly out, F3 (Flyball, 3D, EV 86.3 MPH)
|
Batting: RHB Bill Nguyen-Tan
|
0-0: Ball 1-0: Called Strike 1-1: Ground out U3 (Groundball, 34, EV 82.5 MPH)
|
Top of the 2nd over - 0 runs, 1 hit, 0 errors, 0 left on base; Wichita State University 0 - Ohio State University 0 |
BOTTOM OF THE 2ND |
Ohio State University Buckeyes batting - Pitching for Wichita State University Shockers : RHP Masato Iwase
|
Batting: RHB Joey Black
|
0-0: Ball 1-0: Ball 2-0: Called Strike 2-1: DOUBLE (Groundball, 5L, EV 96.9 MPH)
|
Batting: LHB Efrem Isaev
|
0-0: Foul Ball, location: 2F 0-1: Ball 1-1: Fly out, F7 (Line Drive, 7, EV 95.0 MPH)
|
Batting: RHB Rick English
|
0-0: Hit by Pitch
|
Batting: RHB Aaron Battista
|
0-0: Ball 1-0: Ball 2-0: Ball 3-0: Called Strike 3-1: Swinging Strike 3-2: Foul Ball, location: 2F 3-2: Foul Ball, location: 2F 3-2: Base on Balls Joey Black to third Rick English to second
|
Batting: RHB Rafael Reyes
|
0-0: Called Strike 0-1: Ball 1-1: Grounds into double play, 6-4-3 (Groundball, 6, EV 85.6 MPH)
|
Bottom of the 2nd over - 0 runs, 1 hit, 0 errors, 2 left on base; Wichita State University 0 - Ohio State University 0 |
TOP OF THE 3RD |
Wichita State University Shockers batting - Pitching for Ohio State University Buckeyes : RHP Mitsuharu Yoshimoto
|
Batting: RHB Caleb Wachtler
|
0-0: Foul Ball, location: 2F 0-1: Foul Ball, location: 2F 0-2: Ball 1-2: Fly out, F5 (Popup, 56, EV 74.4 MPH)
|
Batting: RHB Rafael Gil
|
0-0: Ball 1-0: SOLO HOME RUN (Flyball, 9D, EV 98.1 MPH), Distance : 380 ft
|
Batting: RHB Jonathan Iniguez
|
0-0: Ball 1-0: Foul Ball, location: 2F 1-1: Ground out 6-3 (Groundball, 6, EV 90.0 MPH)
|
Batting: RHB Kieron Clark
|
0-0: Called Strike 0-1: Ball 1-1: Foul Ball, location: 2F 1-2: Foul Ball, location: 2F 1-2: Ball 2-2: Ball 3-2: Fly out, F7 (Flyball, 78D, EV 104.4 MPH)
|
Top of the 3rd over - 1 run, 1 hit, 0 errors, 0 left on base; Wichita State University 1 - Ohio State University 0 |
BOTTOM OF THE 3RD |
Ohio State University Buckeyes batting - Pitching for Wichita State University Shockers : RHP Masato Iwase
|
Batting: RHB Adam Turpin
|
0-0: Ball 1-0: Ball 2-0: Foul Ball, location: 2F 2-1: Fly out, F9 (Flyball, 9D, EV 100.0 MPH)
|
Batting: RHB Aukukero Tairi
|
0-0: Ball 1-0: Called Strike 1-1: Foul Ball, location: 2F 1-2: Ball 2-2: Strikes out looking
|
Batting: RHB Dan Muse
|
0-0: Called Strike 0-1: Ball 1-1: Foul Ball, location: 2F 1-2: Ball 2-2: Strikes out swinging
|
Bottom of the 3rd over - 0 runs, 0 hits, 0 errors, 0 left on base; Wichita State University 1 - Ohio State University 0 |
TOP OF THE 4TH |
Wichita State University Shockers batting - Pitching for Ohio State University Buckeyes : RHP Mitsuharu Yoshimoto
|
Batting: RHB Zach Maguire
|
0-0: Called Strike 0-1: Ball 1-1: Fly out, F9 (Line Drive, 9, EV 91.3 MPH)
|
Batting: SHB Nadhir Umayr
|
0-0: Ball 1-0: Ball 2-0: Called Strike 2-1: Called Strike 2-2: Strikes out swinging
|
Batting: RHB Alex Campos
|
0-0: Ball 1-0: DOUBLE (Line Drive, 9LM, EV 105.6 MPH)
|
Batting: RHB Jason Baldwin
|
0-0: Swinging Strike 0-1: Ball 1-1: DOUBLE (Line Drive, 8LD, EV 97.5 MPH) Alex Campos scores
|
Batting: RHB Bill Nguyen-Tan
|
0-0: Foul Ball, location: 2F 0-1: Ball 1-1: Ball 2-1: Called Strike 2-2: Ground out 6-3 (Groundball, 6, EV 81.9 MPH)
|
Top of the 4th over - 1 run, 2 hits, 0 errors, 1 left on base; Wichita State University 2 - Ohio State University 0 |
BOTTOM OF THE 4TH |
Ohio State University Buckeyes batting - Pitching for Wichita State University Shockers : RHP Masato Iwase
|
Batting: RHB Nick Holsinger
|
0-0: Swinging Strike 0-1: Ball 1-1: Called Strike 1-2: Ball 2-2: Foul Ball, location: 2F 2-2: Foul Ball, location: 2F 2-2: Ball 3-2: SINGLE (Groundball, 6MD, EV 106.9 MPH)
|
Batting: RHB Joey Black
|
0-0: Swinging Strike 0-1: Ball 1-1: 2-RUN HOME RUN (Flyball, 7D, EV 103.8 MPH), Distance : 396 ft
|
Batting: LHB Efrem Isaev
|
0-0: DOUBLE (Line Drive, 5D, EV 97.5 MPH)
|
Batting: RHB Rick English
|
0-0: Ball 1-0: Ball 2-0: Fly out, F8 (Flyball, 78M, EV 83.8 MPH)
|
Batting: RHB Aaron Battista
|
0-0: Ground out 4-3 (Groundball, 4, EV 82.5 MPH) Efrem Isaev to third
|
Batting: RHB Rafael Reyes
|
0-0: Ball 1-0: Ball 2-0: Ball 3-0: Called Strike 3-1: Called Strike 3-2: Base on Balls
|
Batting: RHB Adam Turpin
|
0-0: Ball 1-0: Foul Ball, location: 2F 1-1: Called Strike 1-2: Fielders Choice at 2nd, 6-4 (Groundball, 6, EV 100.0 MPH)
|
Bottom of the 4th over - 2 runs, 3 hits, 0 errors, 2 left on base; Wichita State University 2 - Ohio State University 2 |
TOP OF THE 5TH |
Wichita State University Shockers batting - Pitching for Ohio State University Buckeyes : RHP Mitsuharu Yoshimoto
|
Pitching: RHP Jonathan Villalovos
|
|
Batting: RHB Caleb Wachtler
|
0-0: Called Strike 0-1: Ball 1-1: Foul Ball, location: 2F 1-2: Ball 2-2: Ball 3-2: Foul Ball, location: 2F 3-2: Base on Balls
|
Batting: RHB Rafael Gil
|
0-0: SINGLE (Groundball, 6D, EV 106.9 MPH) Caleb Wachtler to second
|
Batting: RHB Jonathan Iniguez
|
0-0: Sac Bunt to P - play at first, batter OUT! 1-3 Caleb Wachtler to third Rafael Gil to second
|
Batting: RHB Kieron Clark
|
0-0: Ball 1-0: Ball 2-0: Foul Ball, location: 2F 2-1: Fly out, F9 (Flyball, 89S, EV 95.6 MPH)
|
Batting: RHB Zach Maguire
|
0-0: Ball 1-0: Called Strike 1-1: Ball 2-1: SINGLE (Flyball, 3D, EV 93.1 MPH) Caleb Wachtler scores Rafael Gil to third Runner from 3rd tries for Home, SAFE, throw by RF to home
|
Batting: SHB Nadhir Umayr
|
0-0: Fly out, F9 (Flyball, 9LM, EV 93.8 MPH)
|
Top of the 5th over - 2 runs, 2 hits, 0 errors, 1 left on base; Wichita State University 4 - Ohio State University 2 |
BOTTOM OF THE 5TH |
Ohio State University Buckeyes batting - Pitching for Wichita State University Shockers : RHP Masato Iwase
|
Pitching: RHP Mark Fedor
|
|
Batting: RHB Aukukero Tairi
|
0-0: Ball 1-0: Called Strike 1-1: Ground out 6-3 (Groundball, 6, EV 105.0 MPH)
|
Batting: RHB Dan Muse
|
0-0: Ball 1-0: Ground out 4-3 (Groundball, 4, EV 100.6 MPH)
|
Batting: RHB Nick Holsinger
|
0-0: Ground out 6-3 (Groundball, 6, EV 83.1 MPH)
|
Bottom of the 5th over - 0 runs, 0 hits, 0 errors, 0 left on base; Wichita State University 4 - Ohio State University 2 |
TOP OF THE 6TH |
Wichita State University Shockers batting - Pitching for Ohio State University Buckeyes : RHP Jonathan Villalovos
|
Batting: RHB Alex Campos
|
0-0: Ball 1-0: Swinging Strike 1-1: Ball 2-1: Ball 3-1: Foul Ball, location: 2F 3-2: Strikes out swinging
|
Batting: RHB Jason Baldwin
|
0-0: Called Strike 0-1: Swinging Strike 0-2: Ball 1-2: Ball 2-2: Strikes out swinging
|
Batting: RHB Bill Nguyen-Tan
|
0-0: Ball 1-0: Called Strike 1-1: Ball 2-1: Fly out, F4 (Popup, 4, EV 80.6 MPH)
|
Top of the 6th over - 0 runs, 0 hits, 0 errors, 0 left on base; Wichita State University 4 - Ohio State University 2 |
BOTTOM OF THE 6TH |
Ohio State University Buckeyes batting - Pitching for Wichita State University Shockers : RHP Mark Fedor
|
Batting: RHB Joey Black
|
0-0: Foul Ball, location: 2F 0-1: Foul Ball, location: 2F 0-2: Foul Ball, location: 2F 0-2: Ball 1-2: Ball 2-2: Foul Ball, location: 2F 2-2: Ball 3-2: Fly out, F8 (Flyball, 8LD, EV 103.8 MPH)
|
Batting: LHB Efrem Isaev
|
0-0: Called Strike 0-1: Foul Ball, location: 2F 0-2: Ball 1-2: Strikes out swinging
|
Batting: RHB Rick English
|
0-0: Ball 1-0: Foul Ball, location: 2F 1-1: Ball 2-1: Foul Ball, location: 2F 2-2: SINGLE (Line Drive, 34D, EV 103.8 MPH)
|
Batting: RHB Aaron Battista
|
0-0: Ball 1-0: Called Strike 1-1: Ball 2-1: Called Strike 2-2: Foul Ball, location: 2F 2-2: SINGLE (Groundball, 25, EV 76.3 MPH) (infield hit) Rick English to second
|
Batting: RHB Rafael Reyes
|
0-0: Ball 1-0: Foul Ball, location: 2F 1-1: Fly out, F8 (Line Drive, 8LD, EV 85.6 MPH)
|
Bottom of the 6th over - 0 runs, 2 hits, 0 errors, 2 left on base; Wichita State University 4 - Ohio State University 2 |
TOP OF THE 7TH |
Wichita State University Shockers batting - Pitching for Ohio State University Buckeyes : RHP Jonathan Villalovos
|
Pitching: RHP Jim Sawicki
|
|
Batting: RHB Caleb Wachtler
|
0-0: Ball 1-0: Foul Ball, location: 2F 1-1: Ground out 5-3 (Groundball, 56, EV 88.8 MPH)
|
Batting: RHB Rafael Gil
|
0-0: Ball 1-0: Ball 2-0: Foul Ball, location: 2F 2-1: Ball 3-1: Base on Balls
|
Batting: RHB Jonathan Iniguez
|
0-0: Ball 1-0: Swinging Strike 1-1: Hit by Pitch Rafael Gil to second
|
Batting: RHB Kieron Clark
|
0-0: Called Strike 0-1: Ball 1-1: Called Strike 1-2: Ball 2-2: Ball 3-2: Fly out, F7 (Flyball, 78M, EV 80.6 MPH)
|
Batting: LHB Sam Williams
|
0-0: Called Strike 0-1: Ball 1-1: Foul Ball, location: 2F 1-2: Ball 2-2: Foul Ball, location: 2F 2-2: Ball 3-2: Base on Balls Rafael Gil to third Jonathan Iniguez to second
|
Batting: SHB Nadhir Umayr
|
0-0: SINGLE (Flyball, 6D, EV 91.9 MPH) Rafael Gil scores Jonathan Iniguez to third Sam Williams to second
|
Pinch Hitting: RHB Brad Brady
|
0-0: Fly out, F9 (Flyball, 9LS, EV 81.3 MPH)
|
Top of the 7th over - 1 run, 1 hit, 0 errors, 3 left on base; Wichita State University 5 - Ohio State University 2 |
BOTTOM OF THE 7TH |
Ohio State University Buckeyes batting - Pitching for Wichita State University Shockers : RHP Mark Fedor
|
Pitching: RHP Hitoshi Morimoto
|
|
Now at 3B: Brad Brady
|
|
Pinch Hitting: RHB Xavier Castaneda
|
0-0: Foul Ball, location: 2F 0-1: Swinging Strike 0-2: Foul Ball, location: 2F 0-2: Ball 1-2: Ground out 5-3 (Groundball, 56, EV 86.9 MPH)
|
Batting: RHB Aukukero Tairi
|
0-0: Foul Ball, location: 2F 0-1: Ground out 5-3 (Groundball, 56, EV 84.4 MPH)
|
Pinch Hitting: LHB Jason Kinney
|
0-0: Ball 1-0: Ball 2-0: Ball 3-0: Called Strike 3-1: Base on Balls
|
Batting: RHB Nick Holsinger
|
Pickoff Throw to First - Error! E1 Jason Kinney to second 0-0: Ball 1-0: Foul Ball, location: 2F 1-1: Ball 2-1: Ball 3-1: Called Strike 3-2: Base on Balls
|
Batting: LHB Bill Lorimer
|
0-0: Ball 1-0: Ball 2-0: SINGLE (Groundball, 34D, EV 98.8 MPH) Jason Kinney to third Nick Holsinger to second
|
Pinch Hitting: SHB David Garnica
|
0-0: Foul Ball, location: 2F 0-1: Foul Ball, location: 2F 0-2: Ball 1-2: Ball 2-2: Fly out, F8 (Line Drive, 8LD, EV 98.8 MPH)
|
Bottom of the 7th over - 0 runs, 1 hit, 1 error, 3 left on base; Wichita State University 5 - Ohio State University 2 |
TOP OF THE 8TH |
Wichita State University Shockers batting - Pitching for Ohio State University Buckeyes : RHP Jim Sawicki
|
Pitching: LHP Jon Ortiz
|
|
Now at 1B: David Garnica
|
|
Now at 3B: Jason Kinney
|
|
Now in LF: Xavier Castaneda
|
|
Pinch Hitting: RHB Manny Hensley
|
0-0: Called Strike 0-1: Called Strike 0-2: Ball 1-2: Strikes out swinging
|
Batting: RHB Bill Nguyen-Tan
|
0-0: Foul Ball, location: 2F 0-1: Ball 1-1: Called Strike 1-2: SINGLE (Groundball, 6M, EV 97.5 MPH)
|
Batting: RHB Caleb Wachtler
|
0-0: Swinging Strike 0-1: Swinging Strike 0-2: Ball 1-2: Ball 2-2: Grounds into double play, 6-4-3 (Groundball, 6, EV 80.6 MPH)
|
Top of the 8th over - 0 runs, 1 hit, 0 errors, 0 left on base; Wichita State University 5 - Ohio State University 2 |
BOTTOM OF THE 8TH |
Ohio State University Buckeyes batting - Pitching for Wichita State University Shockers : RHP Hitoshi Morimoto
|
Pitching: RHP Brad Sanchez
|
|
Now at 2B: Manny Hensley
|
|
Pinch Hitting: RHB Aaron Bryant
|
0-0: Called Strike 0-1: Foul Ball, location: 2F 0-2: Strikes out swinging
|
Pinch Hitting: SHB Jesus Gomez
|
0-0: Ball 1-0: Swinging Strike 1-1: Foul Ball, location: 2F 1-2: Foul Ball, location: 2F 1-2: Ball 2-2: Strikes out swinging
|
Pinch Hitting: RHB Kai Johnson
|
0-0: Foul Ball, location: 2F 0-1: Called Strike 0-2: Ball 1-2: SINGLE (Line Drive, 9LS, EV 108.8 MPH)
|
Batting: RHB Xavier Castaneda
|
0-0: Ball 1-0: Fielders Choice at 2nd, 6-4 (Groundball, 6, EV 88.1 MPH)
|
Bottom of the 8th over - 0 runs, 1 hit, 0 errors, 1 left on base; Wichita State University 5 - Ohio State University 2 |
TOP OF THE 9TH |
Wichita State University Shockers batting - Pitching for Ohio State University Buckeyes : LHP Jon Ortiz
|
Pitching: LHP Daniel Solano
|
|
Now at 2B: Kai Johnson
|
|
Now at SS: Jesus Gomez
|
|
Now in RF: Aaron Bryant
|
|
Pinch Hitting: LHB Dong-u Chang
|
0-0: SINGLE (Groundball, 56D, EV 103.1 MPH)
|
Batting: RHB Jonathan Iniguez
|
0-0: Sac Bunt to 13S - play at first, batter OUT! 1-3 Dong-u Chang to second
|
Pinch Hitting: RHB Efrain Cedeno
|
0-0: Ground out U3 (Groundball, 34S, EV 80.6 MPH) Dong-u Chang to third
|
Batting: LHB Sam Williams
|
0-0: Ball 1-0: Foul Ball, location: 2F 1-1: Ball 2-1: Ball 3-1: Base on Balls
|
Pinch Hitting: LHB Steve LeGrand
|
0-0: Fly out, F3 (Line Drive, 3, EV 68.1 MPH)
|
Top of the 9th over - 0 runs, 1 hit, 0 errors, 2 left on base; Wichita State University 5 - Ohio State University 2 |
BOTTOM OF THE 9TH |
Ohio State University Buckeyes batting - Pitching for Wichita State University Shockers : RHP Brad Sanchez
|
Pitching: RHP Bobby Altamirano
|
|
Now at 1B: Sal Guzman
|
|
Now at SS: Houston Phillips
|
|
Now in LF: Bill Girton
|
|
Batting: RHB Aukukero Tairi
|
0-0: Ball 1-0: Ball 2-0: Ball 3-0: Base on Balls
|
Batting: LHB Jason Kinney
|
0-0: Called Strike 0-1: Called Strike 0-2: Foul Ball, location: 2F 0-2: Ball 1-2: Strikes out looking
|
Batting: RHB Nick Holsinger
|
0-0: Swinging Strike 0-1: Ball 1-1: Foul Ball, location: 2F 1-2: Ball 2-2: Ball 3-2: Ground out 6-3 (Groundball, P, EV 78.8 MPH) Aukukero Tairi to second
|
Batting: LHB Bill Lorimer
|
0-0: SINGLE (Line Drive, 5D, EV 97.5 MPH) Aukukero Tairi to third
|
Batting: SHB David Garnica
|
0-0: Called Strike 0-1: Ball 1-1: SINGLE (Groundball, P, EV 91.9 MPH) (infield hit) Aukukero Tairi scores Bill Lorimer to second
|
Batting: RHB Aaron Bryant
|
0-0: Foul Ball, location: 2F 0-1: Called Strike 0-2: TRIPLE (Flyball, 78XD, EV 88.1 MPH) Bill Lorimer scores David Garnica scores
|
Batting: SHB Jesus Gomez
|
0-0: Intentional Walk
|
Pitching: RHP Tony Avila
|
|
Batting: RHB Kai Johnson
|
0-0: Called Strike 0-1: Swinging Strike 0-2: Ball 1-2: Ball 2-2: Ball 3-2: Base on Balls Jesus Gomez to second
|
Batting: RHB Xavier Castaneda
|
0-0: Ball 1-0: Ball 2-0: Called Strike 2-1: Ball 3-1: Base on Balls Aaron Bryant scores Jesus Gomez to third Kai Johnson to second
|
Bottom of the 9th over - 4 runs, 3 hits, 0 errors, 0 left on base; Wichita State University 5 - Ohio State University 6 |
|
Game Over ... Ohio State University defeats Wichita State University, 6 to 5
|
|
|